[Event "*** Titled Tuesday Blitz"]
[Site "Chess.com"]
[Date "2018.10.02"]
[Round "4"]
[White "MikeSailer"]
[Black "Saitama_Hero"]
[Result "0-1"]
[WhiteElo "2061"]
[BlackElo "2229"]
[TimeControl "180+2"]
[EndTime "13:49:29 PDT"]
[Termination "Saitama_Hero won by resignation"]

1. c4 Nf6 2. g3 e6 3. Bg2 a6 4. Nf3 b5 5. b3 Bb7 6. O-O c5 7. Bb2 Be7 8. d3 O-O 9. Nbd2 Nc6 10. e4 d6 11. Re1 Nd7 12. a4 b4 13. d4 Bf6 14. e5 dxe5 15. Nxe5 Qc7 16. Nxc6 Bxc6 17.
Bxc6 Qxc6 18. Ne4 Bxd4 19. Bxd4 cxd4 20. Qxd4 f5 21. Ng5 Nc5 22. Qe3 Rfe8 23. Nf3 Rad8 24. Ne5 Qc7 25. Rad1 Ne4 26. Rxd8 Rxd8 27. Nd3 a5 28. f3 Qd6 29. Nxb4 Ng5 30. Nc2 Qd2 31. Qxd2 Nxf3+ 32. Kf2 Nxd2 33. Rxe6 Nxb3 34. Ne3 Rd2+ 35. Ke1 Rxh2 36. Nxf5 g6 37. Nd6 Nd4 38. Re8+ Kg7 39. c5 Rc2 40. Nb7 Kf7 41. Re4 Ne6 42. Nxa5 Nxc5 43.
Rc4 Nd3+ 44. Kd1 Ra2 45. Nb3 Nb2+ 46. Kc2 Nxc4+ 47. Kc3 Nd6 48. a5 Rg2 49. Kd4 Rxg3 50.
Nc5 Ra3 51. a6 h5 52. Kd5 Ke7 53. Kc6 h4 54. Kb6 h3 55. Ne4 Nxe4 0-1

[Event "*** Titled Tuesday Blitz"]
[Site "Chess.com"]
[Date "2018.10.02"]
[Round "4"]
[White "mishanick"]
[Black "PulpanJ"]
[Result "0-1"]
[WhiteElo "2845"]
[BlackElo "2619"]
[TimeControl "180+2"]
[EndTime "13:49:36 PDT"]
[Termination "PulpanJ won by checkmate"]

1. d4 Nf6 2. c4 e6 3. Nf3 d5 4.
Nc3 c5 5. cxd5 Nxd5 6. e4 Nxc3 7.
bxc3 cxd4 8. cxd4 Bb4+ 9. Bd2 Bxd2+ 10. Qxd2 O-O 11. Bc4 Nd7 12. O-O b6 13. Rfe1 Bb7 14.
Rad1 Rc8 15. Bb3 Re8 16. h3 Nf6 17. Qf4 Nh5 18. Qe3 Nf6 19. Nd2 h6 20. f3 Qc7 21.
Nc4 b5 22. Ne5 a5 23. Rc1 Qb6 24. a3 Red8 25. Rxc8 Rxc8 26. Re2 Qd6 27. Ba2 Rd8 28. Rd2 Nd7 29. Nd3 Qxa3 30. Qf4 Qc3 31. d5 Qd4+ 32. Nf2 Qa1+ 33. Nd1 Qe5 34. Qxe5 Nxe5 35. Nc3 b4 36. Na4 exd5 37. exd5 Ba6 38. d6 Bb5 39. Nc5 a4 40. f4 Nd3 41. Nb7 Rd7 42. Bb1 Rxb7 43.
Bxd3 Bxd3 44. Rxd3 a3 45. d7 Rxd7 46. Rxd7 a2 47.
Ra7 b3 48. Kh2 b2 49. Rxa2 b1=Q 50. Rf2 Qe1 51. Rf3 h5 52. Rg3 h4 53. Rg4 f5 54.
Rg5 Qe4 55. g3 hxg3+ 56. Kxg3 Qe3+ 57. Kh4 Qxf4+ 58. Kh5 Qf3+ 59. Kg6 Qxh3 60. Rxf5 Qh6# 0-1

[Event "*** Titled Tuesday Blitz"]
[Site "Chess.com"]
[Date "2018.10.02"]
[Round "4"]
[White "GCamachoMartinez"]
[Black "nOcHeaTiNgKiD"]
[Result "0-1"]
[WhiteElo "2275"]
[BlackElo "2441"]
[TimeControl "180+2"]
[EndTime "13:49:38 PDT"]
[Termination "nOcHeaTiNgKiD won by resignation"]

1. d4 Nf6 2. c4 c5 3. Nf3 cxd4 4. Nxd4 e6 5. g3 d5 6. Bg2 e5 7. Nf3 d4 8. O-O Nc6 9. e3 Be7 10. exd4 exd4 11. Bf4 O-O 12. Ne5 Nxe5 13. Bxe5 Bc5 14. Nd2 Re8 15. Re1 Ng4 16. Bf4 d3 17. Rxe8+ Qxe8 18. Ne4 Bd4 19. Qxd3 Bxb2 20. Rb1 Be5 21. Ng5 g6 22. Bd5 Be6 23. Rxb7 Bxf4 24. gxf4 Bxd5 25.
cxd5 Qe1+ 26. Qf1 Qd2 27. Nh3 Re8 28. Rb1 Qxd5 29. Qg2 Qf5 30. Rf1 h6 31. Qg3 Re2 32. f3 Ne3 33. Re1 Rg2+ 34. Qxg2 Nxg2 35. Kxg2 Qc2+ 36.
Kg3 Qxa2 37. Re8+ Kg7 38. Re7 a5 39. Ra7 a4 40. f5 a3 41. fxg6 Kxg6 42. Nf4+ Kg7 43.
Nh5+ Kf8 44. Nf6 Qe6 45. Nd7+ Kg7 46. f4 a2 47. Ne5 Qb3+ 48. Kg4 Qe6+ 49. Kg3 h5 50. h3 h4+ 51. Kxh4 Qf6+ 52. Kg4 Qe6+ 53. Kh4 Kf6 54. Kg3 Kg7 55. h4 Qb3+ 56. Kg4 Qb1 57. Rxf7+ Kg8 58. Ra7 a1=Q 0-1

[Event "*** Titled Tuesday Blitz"]
[Site "Chess.com"]
[Date "2018.10.02"]
[Round "4"]
[White "farzadbfd"]
[Black "TastyFrenchFries"]
[Result "0-1"]
[WhiteElo "2544"]
[BlackElo "2419"]
[TimeControl "180+2"]
[EndTime "13:49:39 PDT"]
[Termination "TastyFrenchFries won by resignation"]

1. e4 e6 2. d3 d5 3. Nd2 c5 4. Ngf3 Nc6 5. g3 Bd6 6. Bg2 Nge7 7. O-O O-O 8. Re1 Bc7 9. b3 a5 10. a4 b6 11. Bb2 d4 12. Bc1 f5 13. exf5 exf5 14.
Nc4 Rb8 15. Ng5 h6 16. Ne6 Bxe6 17. Rxe6 Qd7 18. Qe2 Rbe8 19. Bxh6 Nd8 20. Bxg7 Kxg7 21. Rxb6 Nd5 22. Qh5 Nxb6 23. Nxb6 Bxb6 24. Qg5+ Kf7 25. Bf3 Re5 26. Bh5+ Ke6 27. f4 Re3 28. g4 Kd6 29. Qh6+ Kc7 30. Qxf8 fxg4 31. f5 c4 32. bxc4 g3 33.
hxg3 Rxg3+ 34. Kf2 Rg5 35. Bg6 Qd6 36. Qxd6+ Kxd6 37.
Rb1 Bc5 38. Kf3 Bb4 39. Ke4 Nc6 40. Rh1 Rg4+ 41. Kf3 Ne5+ 42. Kf2 Nxg6 43. Rh6 Rf4+ 44. Ke2 Rxf5 45. Rxg6+ Kc5 46. Re6 Bc3 47. Re8 Kb4 48.
Rb8+ Kxa4 49. Rb6 Rg5 50. Kf3 Re5 51. Kf4 Re2 52. c5 Rxc2 53. Ke4 Re2+ 54. Kd5 Bb4 55.
c6 Rc2 56. Rb7 Kb3 57. c7 a4 58. Kxd4 a3 59. Ra7 Bc5+ 0-1

[Event "*** Titled Tuesday Blitz"]
[Site "Chess.com"]
[Date "2018.10.02"]
[Round "4"]
[White "wonderfultime"]
[Black "murmah2003"]
[Result "1/2-1/2"]
[WhiteElo "2851"]
[BlackElo "2566"]
[TimeControl "180+2"]
[EndTime "13:49:49 PDT"]
[Termination "Game drawn by agreement"]

1. d4 d5 2. Nf3 Nf6 3. Bf4 g6 4. e3 Bg7 5. h3 O-O 6. Nbd2 c5 7.
c3 Nc6 8. Be2 b6 9. O-O Bb7 10.
Bh2 Re8 11. Ne5 Nd7 12. Nxd7 Qxd7 13. dxc5 bxc5 14. Nb3 e6 15. Nxc5 Qe7 16. Nxb7 Qxb7 17. Qb3 Re7 18. Rfd1 Be5 19. Bxe5 Nxe5 20. Rd2 Qc7 21. Rc1 Rb8 22. Qa3 Rd7 23. Rd4 Nc6 24. Ra4 Qb7 25. Rc2 Qc7 26. Ra6 Ne5 27. Qa4 Nc4 28.
b3 Nd6 29. Rc6 Qd8 30. Qf4 Rb6 31. Rxb6 Qxb6 32. c4 dxc4 33. Bxc4 Nf5 34. Be2 Qa5 35. b4 Qd8 36. Qc4 Rd2 37. Qc3 Rxc2 38. Qxc2 Qd6 39.
Qc8+ Kg7 40. Qc3+ Kg8 41. a4 h5 42. b5 Qd5 43. Bf1 Nd6 44. Qb2 Qc5 45. a5 Nc8 46.
Qd2 Qc7 47. Qb4 Qd6 48. Qc3 Ne7 49. Be2 Nd5 50. Qd4 Qa3 51. Qxa7 Qa1+ 52. Bf1 Nc3 53. Qa8+ Kg7 54. g3 Ne2+ 55. Kg2 Nc3 56. b6 Qb1 57.
Qc6 Ne4 58. b7 Nd2 59. Qb5 Qe4+ 60. Kg1 Nf3+ 61. Kh1 Ne1+ 62. Kh2 Nf3+ 63. Kh1 Ne1+ 64. Kg1 Nf3+ 65. Kg2 1/2-1/2

[Event "*** Titled Tuesday Blitz"]
[Site "Chess.com"]
[Date "2018.10.02"]
[Round "4"]
[White "GMBenjaminFinegold"]
[Black "woodhy"]
[Result "1/2-1/2"]
[WhiteElo "2298"]
[BlackElo "2416"]
[TimeControl "180+2"]
[EndTime "13:49:49 PDT"]
[Termination "Game drawn by repetition"]

1. d4 Nf6 2. c4 e6 3. Nc3 Bb4 4.
Qc2 c5 5. dxc5 Na6 6. a3 Bxc3+ 7. Qxc3 Nxc5 8. b4 Nce4 9. Qd4 d5 10. cxd5 exd5 11.
e3 O-O 12. Bb2 Be6 13. Nf3 Rc8 14. Bd3 a5 15. O-O axb4 16. axb4 Qe7 17. Ra7 Rfd8 18. h3 Bf5 19. Bb1 Nd6 20. Bxf5 Nxf5 21. Qb6 Nd6 22. Bxf6 Qxf6 23. Qd4 Qe7 24. Qe5 Qe6 25. Qxe6 fxe6 26.
Nd4 Kf7 27. Rb1 e5 28. Nb3 Kf6 29. Nc5 Rc7 30. Rd1 Nb5 31. Rxb7 Rxb7 32. Nxb7 Rb8 33. Nc5 Rd8 34. Kf1 d4 35. exd4 exd4 36. Nd3 Ra8 37.
g3 Ra3 38. Rd2 Nc3 39. Nf4 Ke5 40. Rb2 Nb5 41. Ke2 g5 42. Nd3+ Kd5 43. Kd2 Kc4 44.
Ne5+ Kd5 45. Nd3 h5 46. g4 hxg4 47. hxg4 Ke4 48. Nc5+ Kf3 49. Rb3+ Rxb3 50. Nxb3 Kxg4 51.
Kd3 Kf3 52. Nd2+ Kf4 53. f3 Ke5 54. Ne4 Kf4 55. Kc4 Kxf3 56. Nxg5+ Ke3 57. Ne6 d3 58. Nf4 d2 59. Nd5+ Ke2 60. Kxb5 Kd3 61. Nf4+ Ke4 62. Ne2 Kd3 63. Nf4+ Ke4 64. Ne2 Kd3 65. Nf4+ Ke3 66. Nd5+ Kd3 67. Nf4+ Ke4 68. Ne2 1/2-1/2

[Event "*** Titled Tuesday Blitz"]
[Site "Chess.com"]
[Date "2018.10.02"]
[Round "4"]
[White "Cryptinz"]
[Black "nearestway"]
[Result "1/2-1/2"]
[WhiteElo "2373"]
[BlackElo "2529"]
[TimeControl "180+2"]
[EndTime "13:49:49 PDT"]
[Termination "Game drawn by repetition"]

1. d4 d5 2. c4 e6 3. Nf3 a6 4. Nbd2 Nf6 5. g3 dxc4 6. Nxc4 b5 7. Nce5 Bb7 8. Bg2 Be7 9. O-O O-O 10. Bf4 Nd5 11.
Bd2 c5 12. dxc5 Bxc5 13. Qc2 Be7 14. Rac1 Nd7 15. Nc6 Bxc6 16. Qxc6 Nc5 17. Rxc5 Bxc5 18. Qxc5 Rc8 19. Qa3 Qb6 20. e4 Nf6 21. Be3 Qb7 22. Nd4 Rfd8 23. Nb3 Qa8 24. Bg5 Rc4 25. e5 Nd5 26.
Bxd8 Qxd8 27. Bxd5 Qxd5 28. Qxa6 h6 29. Qd6 Qa8 30. Rd1 Qxa2 31. Qd8+ Kh7 32. Qd3+ Kg8 33. Nd2 Rc8 34. Qxb5 Qa8 35. Nf1 Rb8 36. Qd3 Qa5 37.
Qd6 Ra8 38. b4 Qa4 39. h4 Kh7 40. Ne3 Ra6 41. Qd3+ Kg8 42. Qe4 Ra8 43. Qd3 Rb8 44. Rb1 Qa2 45. b5 Qa5 46. b6 Qxe5 47. b7 Qc7 48. Qa6 h5 49. Qb6 Qe5 50. Qb5 Qe4 51.
Qb4 Qd3 52. Qb3 Qe4 53. Qb4 Qd3 54. Rb3 Qa6 55. Qf4 Qa1+ 56. Kh2 Qa7 57. Qc7 g6 58.
Nc4 Qxf2+ 59. Kh3 Qf1+ 60. Kh2 Qf2+ 61. Kh3 Qf1+ 62. Kh2 Qf2+ 63. Kh3 Qf1+ 64. Kh2 Qf2+ 65. Kh3 Qf1+ 1/2-1/2

[Event "*** Titled Tuesday Blitz"]
[Site "Chess.com"]
[Date "2018.10.02"]
[Round "4"]
[White "jncool68"]
[Black "Shant_Sargsyan"]
[Result "1/2-1/2"]
[WhiteElo "2696"]
[BlackElo "2904"]
[TimeControl "180+2"]
[EndTime "13:49:56 PDT"]
[Termination "Game drawn by stalemate"]

1. e4 e5 2. Nf3 Nc6 3. Bb5 a6 4. Ba4 Nf6 5. O-O Nxe4 6. d4 b5 7. Bb3 d5 8. dxe5 Be6 9. Be3 Be7 10. c3 O-O 11. Nbd2 Bg4 12. Nxe4 dxe4 13. Qd5 Qxd5 14. Bxd5 exf3 15. Bxc6 fxg2 16. Rfe1 Rad8 17. a4 b4 18. Bxg2 Be6 19. cxb4 Bxb4 20. Rec1 Bd2 21. Bxd2 Rxd2 22.
Rxc7 Rxb2 23. Rc6 a5 24. Rc5 Rfb8 25. h3 g5 26. Rxa5 h5 27. Ra8 Rxa8 28. Bxa8 Bxh3 29. a5 Rb8 30. Bc6 Rc8 31. Bb7 Rc7 32. a6 Bc8 33. Rb1 Kg7 34. Rb6 h4 35. Kh2 Rc2 36. Bxc8 Rxc8 37. a7 Ra8 38. Ra6 g4 39. Kg2 Kf8 40.
f3 h3+ 41. Kg3 gxf3 42. Kxf3 Ke7 43. Kg3 Kd7 44. Kxh3 Kc7 45. Rf6 Kd7 46. Ra6 Kc7 47. Kg4 Kb7 48. Rf6 Rg8+ 49. Kf5 Rg7 50. Ra6 Ka8 51. Rh6 Rg1 52. Ra6 Rg7 53. Ra5 Rg6 54.
Rd5 Rg1 55. Rd7 Rf1+ 56. Kg5 Rg1+ 57. Kf6 Rf1+ 58. Kg7 Rf5 59. Re7 Rh5 60. Kxf7 Rf5+ 61. Kg6 Rf6+ 62. Kg7 Rf7+ 63. Kxf7 1/2-1/2

[Event "*** Titled Tuesday Blitz"]
[Site "Chess.com"]
[Date "2018.10.02"]
[Round "4"]
[White "ruvat"]
[Black "017290"]
[Result "1-0"]
[WhiteElo "2312"]
[BlackElo "2328"]
[TimeControl "180+2"]
[EndTime "13:50:10 PDT"]
[Termination "ruvat won by checkmate"]

1. d4 Nf6 2. c4 e6 3. g3 c5 4.
d5 b5 5. dxe6 fxe6 6. Bg2 d5 7.
cxb5 a6 8. bxa6 Bxa6 9. Nc3 Be7 10. Nh3 O-O 11. O-O Ra7 12. b3 Nbd7 13. Ng5 Qa5 14.
Bd2 Qb6 15. Bh3 d4 16. Bxe6+ Kh8 17. Na4 Qc6 18. Nf7+ Rxf7 19. Bxf7 Ne5 20. Bc4 Bxc4 21. bxc4 Nxc4 22. Nxc5 Qxc5 23. a4 Ng4 24. Bf4 Qh5 25.
h4 Bf6 26. Qd3 Nce5 27. Bxe5 Nxe5 28. Qe4 Re7 29. a5 d3 30. a6 dxe2 31. a7 exf1=Q+ 32. Kxf1 h6 33. a8=Q+ Re8 34. Qxe8+ Qxe8 35. Ra8 Bd8 36. Qd5 Nf7 37. Kg2 Kh7 38. Ra7 Ne5 39. Qe4+ Kh8 40.
f4 Qc6 41. Qxc6 Nxc6 42. Ra8 Kh7 43. Rc8 Ne7 44. Rxd8 Nf5 45. Ra8 Ne3+ 46. Kf3 Nd5 47. g4 Nb6 48. Ra7 Nc8 49. Rc7 Nd6 50. h5 Ne8 51. Ra7 Nd6 52. f5 Nb5 53. Rd7 Nc3 54. f6 Kg8 55. Rxg7+ Kf8 56. Rd7 Na4 57. Kf4 Nc5 58.
Ra7 Ne6+ 59. Kf5 Nd8 60. Kg6 Ke8 61. Ra8 Kd7 62. Rxd8+ Kxd8 63. f7 Ke7 64. Kg7 Ke6 65. f8=Q Ke5 66. Kxh6 Ke6 67. Kg6 Kd7 68. h6 Ke6 69. h7 Kd5 70. h8=Q Ke4 71. Qe7+ Kd5 72.
Qhe5+ Kc6 73. Q7c7# 1-0

[Event "*** Titled Tuesday Blitz"]
[Site "Chess.com"]
[Date "2018.10.02"]
[Round "4"]
[White "PowerThinking2650"]
[Black "kharov2001"]
[Result "0-1"]
[WhiteElo "2323"]
[BlackElo "2188"]
[TimeControl "180+2"]
[EndTime "13:50:18 PDT"]
[Termination "kharov2001 won by resignation"]

1. e4 c5 2. Nf3 g6 3. d4 cxd4 4. Nxd4 Nc6 5. c4 Bg7 6. Be3 Nf6 7. Nc3 d6 8. Be2 O-O 9. O-O Bd7 10. f3 Qb6 11.
Na4 Qa5 12. Nc3 Rfc8 13. a3 Ne5 14. b4 Qd8 15. Qb3 a6 16. Rfc1 h5 17. Nd5 Nxd5 18. cxd5 Kh7 19. a4 Qh8 20. Qd1 Rxc1 21. Rxc1 Rc8 22.
h3 Rxc1 23. Qxc1 Bxa4 24. Qc7 Ng4 25. hxg4 Bxd4 26. Kf2 hxg4 27. fxg4 Qf6+ 28. Bf3 b5 29. Qc6 Qh4+ 30. Ke2 Bxe3 31. Kxe3 Qe1+ 32. Kf4 f6 33. g5 Qd2+ 34. Kg3 Qxg5+ 35. Kh2 Qe5+ 36. Kh1 Qa1+ 37. Kh2 Qe5+ 38. Kh1 g5 39. Qe8 g4 40. Qf7+ Kh6 41.
Qf8+ Kg5 42. Qg7+ Kf4 43. Qxg4+ Ke3 44. Qh4 Qa1+ 45. Kh2 Bc2 46. Qh6+ Kd3 47. Qh7 Qe5+ 48. Kh3 Kd4 49. Qh6 Kc4 50. Qc1 Qc3 51. Kg4 Kxb4 52. Kf5 a5 53. Ke6 a4 54. Kxe7 a3 55. Kxd6 a2 56. Kd7 a1=Q 57. Qxa1 Qxa1 58. d6 Qe5 59.
Kc6 Qc5+ 0-1

[Event "*** Titled Tuesday Blitz"]
[Site "Chess.com"]
[Date "2018.10.02"]
[Round "4"]
[White "2165149677570"]
[Black "Alex_Terzi"]
[Result "0-1"]
[WhiteElo "2319"]
[BlackElo "2461"]
[TimeControl "180+2"]
[EndTime "13:50:19 PDT"]
[Termination "Alex_Terzi won by checkmate"]

1. d4 Nf6 2. c4 g6 3. f3 Bg7 4. e4 d6 5. Nc3 O-O 6. Nge2 c5 7. d5 e6 8. Ng3 a6 9. a4 exd5 10. cxd5 Nbd7 11. Be2 Rb8 12. O-O Ne8 13. Be3 b6 14. Qd2 Nc7 15. Bh6 Qf6 16. Bxg7 Qxg7 17. Rab1 b5 18.
axb5 axb5 19. b4 c4 20. Bd1 Nb6 21. Nge2 Bd7 22. Nd4 Ra8 23. Bc2 Ra3 24. Rfe1 Rfa8 25. f4 Re8 26. Ra1 Rea8 27. Rab1 Re8 28. Ra1 Rea8 29.
Rxa3 Rxa3 30. Bd1 f5 31. e5 Nbxd5 32. Nxd5 Nxd5 33. Bf3 Rd3 34. Bxd5+ Kh8 35. Qf2 dxe5 36. fxe5 Qe7 37. Nc2 Rxd5 38. Qf4 Rd3 39. e6 Be8 40.
Qe5+ Kg8 41. Kh1 Qd6 42. Qf6 Rd1 43. h3 Rxe1+ 44. Nxe1 Qd1 45. Qe7 Qxe1+ 46. Kh2 Qe5+ 47. Kh1 Qb8 48. Kg1 Qc8 49. Kh2 Qc6 50. h4 c3 51.
h5 gxh5 52. Qg5+ Bg6 53. Qd8+ Qe8 54. Qc7 Qxe6 55. Qxc3 Qc4 56. Qd2 h4 57. Qd8+ Kg7 58. Qe7+ Kh6 59. Qf8+ Kh5 60. Qd6 Qg4 61. Qd2 Qg3+ 62.
Kg1 f4 63. Qd5+ Qg5 64. Qd1+ Kh6 65. Qf3 Qe5 66. Kh2 Be4 67. Qg4 f3+ 68. Kh3 Bf5 69.
Kxh4 Bxg4 70. g3 f2 71. Kxg4 f1=Q 72. Kh4 Qg5# 0-1

[Event "*** Titled Tuesday Blitz"]
[Site "Chess.com"]
[Date "2018.10.02"]
[Round "4"]
[White "MFBerna"]
[Black "ajkom197"]
[Result "1-0"]
[WhiteElo "2419"]
[BlackElo "2388"]
[TimeControl "180+2"]
[EndTime "13:50:22 PDT"]
[Termination "MFBerna won by resignation"]

1. e4 c6 2. d4 d5 3. exd5 cxd5 4. Bd3 Nc6 5. c3 Nf6 6. h3 e5 7. dxe5 Nxe5 8. Bb5+ Bd7 9. Bxd7+ Qxd7 10. Nf3 Nc6 11. O-O Be7 12. Bf4 O-O 13. Nbd2 Rfe8 14. Nb3 Qf5 15. Be3 Rad8 16. Nfd4 Qc8 17. Re1 Ne4 18. Qg4 Qxg4 19. hxg4 Nxd4 20. Nxd4 a6 21. f3 Nd6 22.
Rad1 Nc4 23. Bc1 Bc5 24. Rxe8+ Rxe8 25. Kf2 Nd6 26. Be3 Nc4 27. Bc1 g6 28. b3 Nd6 29. Be3 Nb5 30. Rd3 Nc7 31. b4 Ba7 32.
Ne2 Bxe3+ 33. Rxe3 Rxe3 34. Kxe3 Kf8 35. Kd4 Ke7 36.
Kc5 Kd7 37. Kb6 Kc8 38. Kc5 Kd7 39. Kb6 Kc8 40. Nf4 g5 41. Nd3 Nb5 42. Nc5 Nxc3 43. Nxb7 d4 44. Nc5 Nxa2 45. Nd3 Nc3 46. Kxa6 Kc7 47. b5 Nd5 48. Ka7 h6 49. Ne5 f6 50.
Nd3 Kd6 51. b6 Ne7 52. b7 Kd5 53. Kb6 Nc6 54. Nb4+ Nxb4 55. b8=Q Kc4 56. Qc8+ Kd3 57. Kc5 Nc2 58. Qf5+ Kd2 59. Qe4 d3 60. Kc4 Na3+ 61.
Kb3 Nc2 62. f4 Ne1 63. fxg5 hxg5 64. Kc4 Nc2 65. Qxd3+ Kc1 66. Kc3 Ne1 67. Qd2+ 1-0

[Event "*** Titled Tuesday Blitz"]
[Site "Chess.com"]
[Date "2018.10.02"]
[Round "4"]
[White "raviteja81293"]
[Black "DanielNaroditsky"]
[Result "0-1"]
[WhiteElo "2569"]
[BlackElo "2966"]
[TimeControl "180+2"]
[EndTime "13:50:30 PDT"]
[Termination "DanielNaroditsky won by resignation"]

1. d4 Nf6 2. Nf3 g6 3. Nc3 d5 4. Bf4 Bg7 5. e3 c6 6. Be2 O-O 7. Ne5 Nbd7 8. h4 h5 9. f3 Nxe5 10. Bxe5 Bh6 11. Qd2 Nd7 12. Bf4 Bg7 13. e4 e5 14.
dxe5 Nxe5 15. exd5 Re8 16. dxc6 Qb6 17. Nd5 Qxb2 18.
O-O Nxc6 19. Nc7 Qd4+ 20. Qxd4 Bxd4+ 21. Kh2 Rxe2 22. Rae1 Rxe1 23. Rxe1 Rb8 24. Re8+ Kg7 25. Nb5 Bd7 26. Rxb8 Nxb8 27. Nxd4 Na6 28. Be5+ f6 29. Bd6 Kf7 30. Kg3 Be6 31. a3 Bc4 32. Kf4 Bd5 33.
g4 Bc4 34. gxh5 gxh5 35. Ke3 Bd5 36. c3 Bc4 37. Ke4 Be6 38. Nb5 Bd7 39. Nxa7 Ke6 40.
Bb4 Nc7 41. Bc5 Nd5 42. Bd4 b5 43. f4 Ne7 44. Bf2 Nf5 45. Kd3 Kd5 46. c4+ bxc4+ 47. Kc3 Nd6 48. Kb4 Ne4 49. Be3 c3 50. Nb5 Bxb5 51.
Kxb5 c2 52. Kb4 Ng3 53. Kc3 Nf5 54. Bd2 Nxh4 55. Kxc2 Nf3 56. Be3 h4 57. Bf2 h3 58.
Bg3 Ke4 59. a4 Nd4+ 60. Kd2 Kf3 61. Bh2 Kg2 62. Ke3 Kxh2 63. Kf2 Nc6 64. f5 Na5 65. Kf1 Kg3 66. Kg1 Kf4 67. Kh2 Kxf5 68. Kxh3 Ke4 69. Kg4 f5+ 70. Kg3 Ke3 71. Kg2 f4 72. Kf1 Kf3 73.
Ke1 Kg2 74. Kd2 f3 0-1

[Event "*** Titled Tuesday Blitz"]
[Site "Chess.com"]
[Date "2018.10.02"]
[Round "4"]
[White "EndgameGrinder"]
[Black "David_Paravyan"]
[Result "0-1"]
[WhiteElo "2486"]
[BlackElo "2810"]
[TimeControl "180+2"]
[EndTime "13:50:30 PDT"]
[Termination "David_Paravyan won by resignation"]

1. e4 c5 2. Nf3 d6 3. d4 cxd4 4. Nxd4 Nf6 5. Nc3 a6 6. Bg5 e6 7. f4 Nbd7 8. Qe2 Qc7 9. O-O-O b5 10. g4 Bb7 11. a3 Be7 12. Bg2 Qc4 13. Qd2 Rc8 14.
Bxf6 Bxf6 15. g5 Be7 16. h4 b4 17. axb4 Qxb4 18. h5 Nb6 19. Nb3 Nc4 20. Qd4 e5 21.
fxe5 Bxg5+ 22. Kb1 O-O 23. Nd5 Bxd5 24. exd5 Be3 25. Qd3 dxe5 26. d6 Bd4 27. d7 Rcd8 28.
Bh3 Nxb2 29. Qe4 Na4 30. Rd3 Qc3 31. Kc1 Qb2+ 32. Kd2 Nc3 33. Qc6 Nb1+ 34. Kd1 a5 35.
Nxd4 exd4 36. Re1 Qb8 37. Re7 h6 38. Kc1 Nc3 39. Rxc3 dxc3 40. Qxc3 Qd6 41. Qe3 a4 42. Re4 a3 43. Ra4 Rxd7 44. Bxd7 Qxd7 45. Rxa3 Re8 46. Qd3 Qxd3 47. Rxd3 Re5 48. c4 Rxh5 49. Kc2 Rc5 50. Kc3 h5 51. Kd4 Rc8 52. Rh3 g6 53. c5 Kg7 54.
Kd5 f5 55. Kd6 f4 56. c6 Kf6 57. Kd7 Rh8 58. c7 Kf5 59. Rb3 Kg4 60. Kd6 Rc8 61.
Rb8 Rxc7 62. Kxc7 f3 63. Kd6 f2 64. Rf8 Kg3 65. Ke5 Kg2 66. Rf6 f1=Q 67. Rxg6+ Kh3 68. Rg5 h4 0-1

[Event "*** Titled Tuesday Blitz"]
[Site "Chess.com"]
[Date "2018.10.02"]
[Round "4"]
[White "MatthewG-p4p"]
[Black "b_6"]
[Result "0-1"]
[WhiteElo "2652"]
[BlackElo "2400"]
[TimeControl "180+2"]
[EndTime "13:50:37 PDT"]
[Termination "b_6 won by resignation"]

1. f4 d5 2. Nf3 g6 3. g3 Bg7 4. Bg2 Nf6 5. O-O O-O 6. d3 b6 7. Nc3 Bb7 8. e4 dxe4 9. Ng5 c5 10. dxe4 Qxd1 11. Rxd1 h6 12. Nh3 e5 13. Nd5 Nc6 14. Nxf6+ Bxf6 15. fxe5 Bxe5 16. Bxh6 Bxb2 17. Bxf8 Bxa1 18. Bxc5 Be5 19. Be3 Nb4 20. Nf4 Nxc2 21. Bf2 Nb4 22. a3 Na6 23. h4 Nc5 24. Nd5 Kf8 25. g4 Rd8 26. h5 gxh5 27. gxh5 Kg7 28. Be3 Ne6 29. Rf1 Bd4 30. h6+ Kg8 31. Bxd4 Nxd4 32.
Nf6+ Kh8 33. Kf2 Ne6 34. Ke3 Ba6 35. Rg1 Rd3+ 36. Kf2 Rd2+ 37. Kg3 Rd3+ 38. Kh4 Nf4 39. Bf1 Ng6+ 40. Kg5 Rxa3 41. Bxa6 Rxa6 42. Rd1 Ra5+ 43. Kg4 Ne5+ 44. Kh3 Ra3+ 45. Kg2 Rd3 46. Rc1 Rd8 47.
Rc7 a5 48. Rb7 a4 49. Rxb6 Ra8 50. Nd5 a3 51. Nc3 a2 52. Nxa2 Rxa2+ 53. Kg3 Kh7 54. Kf4 Ng6+ 55. Kg5 Ra5+ 56. Kf6 Ra7 57. Kg5 Re7 58.
Rb4 Re5+ 59. Kf6 Re7 60. Kg5 Re6 61. Rb7 Nh8 62. Rb8 Rxe4 63. Rf8 Re5+ 64. Kf6 Re6+ 65. Kg5 Rg6+ 66. Kf5 Rxh6 67. Ra8 Kg7 68. Ra4 Rh5+ 69. Kg4 Rh6 70. Ra1 Ng6 71. Kf5 Rh5+ 72.
Kg4 Rd5 73. Rf1 f6 74. Rf2 Rg5+ 75. Kh3 Rh5+ 76. Kg4 Rg5+ 77. Kh3 Ne5 78. Ra2 Kg6 79. Ra8 Rh5+ 80. Kg3 Kg5 81. Rg8+ Ng6 82. Ra8 f5 83.
Ra5 Rh4 84. Ra6 Rb4 85. Ra5 Rb3+ 86. Kf2 Kg4 87. Ra6 Nh4 88. Ra4+ f4 89. Rc4 Rb2+ 90.
Kf1 Kg3 91. Rc3+ f3 92. Rc1 Rh2 93. Kg1 f2+ 0-1

[Event "*** Titled Tuesday Blitz"]
[Site "Chess.com"]
[Date "2018.10.02"]
[Round "4"]
[White "ENEASZ"]
[Black "BilodeauA"]
[Result "1/2-1/2"]
[WhiteElo "2574"]
[BlackElo "2876"]
[TimeControl "180+2"]
[EndTime "13:51:03 PDT"]
[Termination "Game drawn by agreement"]

1. e4 c5 2. c3 Qa5 3. Nf3 Nc6 4. Bd3 g6 5. O-O Bg7 6. Re1 d6 7. h3 Nf6 8. Na3 O-O 9. Nc4 Qc7 10. a4 b6 11. Qe2 e5 12. Ne3 Be6 13. Bc2 Nh5 14.
Nd5 Bxd5 15. exd5 Ne7 16. d3 Nxd5 17. Ng5 Ne7 18. a5 h6 19. Nf3 f5 20. Bb3+ Kh7 21.
Nh4 Nf6 22. f4 Rae8 23. axb6 axb6 24. fxe5 dxe5 25. Qxe5 Qxe5 26. Rxe5 Nc6 27. Rxe8 Rxe8 28. Bd2 Re2 29. Nf3 Nh5 30. Bd1 Re7 31. Ra6 Rb7 32.
Nh4 Nb8 33. Ra8 Be5 34. Nxf5 Nf4 35. Nxh6 Kxh6 36. g3 g5 37. gxf4 gxf4 38. Kf2 Kg5 39. Bf3 Rd7 40. Be4 b5 41. Kf3 b4 42. cxb4 cxb4 43.
Bxb4 Kf6 44. Bc3 Rd8 45. h4 Rg8 46. h5 Rg3+ 47. Kf2 Nd7 48. Ra6+ Kf7 49. Ra7 Ke6 50. Ra6+ Ke7 51. h6 Bxc3 52. bxc3 Nf6 53. Bf5 Rg5 54. Be4 Rh5 55. Kf3 Rxh6 56. Ra7+ Kd6 57. Kxf4 Rh2 58.
Ra6+ Ke7 59. Ke5 Nd7+ 60. Kd4 Rb2 61. c4 Rc2 62. Ra7 Kd6 63. Ra6+ Kc7 64. Rh6 Rc1 65. Bf5 Nb6 66. c5 Na4 67. Rh7+ Kd8 68. Rd7+ Ke8 69. Rd5 Ke7 70. Re5+ Kd8 71. Rd5+ Ke7 72. Be4 Nc3 73. Re5+ Kd7 74. c6+ Kd6 75. Rh5 Nxe4 76. Kxe4 Kxc6 77. Rh7 Kd6 78. d4 Re1+ 79. Kd3 Rd1+ 80. Ke4 Re1+ 81.
Kd3 1/2-1/2

[Event "*** Titled Tuesday Blitz"]
[Site "Chess.com"]
[Date "2018.10.02"]
[Round "4"]
[White "maciek_92"]
[Black "Alexander_Moskalenko"]
[Result "0-1"]
[WhiteElo "2632"]
[BlackElo "2844"]
[TimeControl "180+2"]
[EndTime "13:51:59 PDT"]
[Termination "Alexander_Moskalenko won by resignation"]

1. c4 c5 2. Nc3 g6 3. g3 Bg7 4.
Bg2 Nc6 5. e3 e6 6. Nge2 Nge7 7.
O-O d5 8. cxd5 Nxd5 9. d4 Nxc3 10. bxc3 O-O 11. Ba3 Re8 12. Bxc5 Bd7 13. Rb1 b6 14. Ba3 Rc8 15. Bb4 e5 16. Qd2 Nxb4 17. Rxb4 Bg4 18.
Nc1 Qd7 19. Nd3 e4 20. Nb2 Bf8 21. Rb3 Be6 22. c4 b5 23. Qa5 bxc4 24. Rc3 Qb7 25.
Rc2 Bb4 26. Qg5 c3 27. Nd1 Bc4 28. a3 Bxf1 29. Bxf1 Bxa3 30. Rxc3 Bb4 31. Rc4 Rxc4 32. Bxc4 a5 33. Nb2 Qe7 34. Qb5 Kg7 35. Na4 Rd8 36. h4 h5 37. Qc6 Qd7 38. Qb6 Rc8 39. Nc5 Bxc5 40. dxc5 Qc7 41. Qb2+ f6 42. Qd4 Qxc5 43. Qd7+ Kh6 44. Be6 Rc7 45. Qe8 Qe7 46. Qh8+ Qh7 47. Qxf6 Qe7 48. Qh8+ Qh7 49. Qf6 Qg7 50. Qg5+ Kh7 51.
Qxa5 Re7 52. Bh3 Qf6 53. Bg2 Kg7 54. Qd5 Qf5 55. Qd2 Qe5 56. Qc2 Kh6 57. Qb1 g5 58. Qb6+ Re6 59. Qd8 gxh4 60. Qxh4 Qg5 61. Qh3 Qg4 62.
Qh1 Kg5 63. Kh2 h4 64. Bh3 hxg3+ 65. fxg3 Qe2+ 66. Qg2 Qxg2+ 67. Bxg2 Re7 68. Kg1 Kf5 69. Bh3+ Ke5 70. Kg2 Rf7 71. Bg4 Rc7 72. Be2 Rf7 73. g4 Rc7 74. Kg3 Rc3 75. Kf2 Rc2 76. Ke1 Rb2 77. Kf2 Kf6 78. Kf1 Kg5 79. Ke1 Kh4 80. Kf2 Ra2 81. Ke1 Kg3 82. Bd1 Rb2 83. Be2 Ra2 84. Bd1 Ra3 85. Kd2 Kf2 86. g5 Rd3+ 87. Kc1 Kxe3 88. Bc2 Rd5 89. g6 Rg5 0-1